 Dungeon Crawl Stone Soup version 0.30.0-30-g96aa6591b8 (webtiles) character file.

Game seed: 12791546959694077281

5495 GeoRichter the Zephyrmancer (level 10, -1/47 HPs)
             Began as a Spriggan Air Elementalist on June 28, 2023.
             Was a Believer of Ashenzari.
             Slain by an orc warrior
             ... wielding a +0 glaive
              (16 damage)
             ... on level 8 of the Dungeon.
             The game lasted 00:26:38 (13991 turns).

GeoRichter the Zephyrmancer (SpAE)                 Turns: 13991, Time: 00:26:39

Health: -1/47      AC:  7    Str: 10    XL:     10   Next: 42%
Magic:  18/25      EV: 17    Int: 21    God:    Ashenzari [**....]
Gold:   199        SH:  0    Dex: 16    Spells: 21/29 levels left

rFire   + . .        x - +2 long sword of the Sibylline Welkin {freeze, Fly rC+, Comp, Bglg} (curse)
rCold   + . .        (no shield)
rNeg    . . .        D - +1 steam dragon scales
rPois   .            (helmet restricted)
rElec   .            c - +0 cloak of Ashenzari's Black Moon {Elem, Comp} (curse)
rCorr   .            (gloves unavailable)
SInv    +            (boots unavailable)
Will    +....        (no amulet)
Stlth   ++           g - ring of the Astrological Moon {Str+6, Range, Fort} (curse)
HPRegen 0.27/turn    B - ring of protection from fire
MPRegen 0.19/turn

%: no passive effects
@: freezing walls, flying, very quick
A: very small, no large weapons, unfitting armour, see invisible, speed 3
a: Renounce Religion, Shatter the Chains


You were on level 8 of the Dungeon.
You worshipped Ashenzari.
Ashenzari was pleased with you.
You visited 2 branches of the dungeon, and saw 9 of its levels.
You also visited: Sewer.

You collected 386 gold pieces.
You spent 187 gold pieces at shops.

Inventory:

Hand Weapons
 x - the cursed +2 long sword of the Sibylline Welkin (weapon) {freeze, Fly rC+, Comp, Bglg}
   (You bought it in a shop on level 6 of the Dungeon)

   rC:        It protects you from cold.
   Fly:       It grants you flight.
   It has a curse which improves the following skills: Companions: Summonings
   and Necromancy.
   Beguiling: Conjurations, Hexes and Translocations.
 F - the +9 trident "Goblinslayer" {freeze, Will+}
   (You found it on level 8 of the Dungeon)

   Will:      It increases your willpower.
Missiles
 r - 5 throwing nets {!f}
Armour
 c - the cursed +0 cloak of Ashenzari's Black Moon (worn) {Elem, Comp}
   (You found it on level 1 of the Dungeon)

   It has a curse which improves the following skills: Elements: Fire Magic, Ice
   Magic, Air Magic and Earth Magic.
   Companions: Summonings and Necromancy.
 D - +1 steam dragon scales (worn)
   (You took it off Maggie on level 7 of the Dungeon)
Jewellery
 g - the cursed ring of the Astrological Moon (left hand) {Str+6, Range, Fort}
   (You found it on level 6 of the Dungeon)

   [ring of strength]

   Str:       It affects your strength (+6).
   It has a curse which improves the following skills: Ranged Combat: Ranged
   Weapons and Throwing.
   Fortitude: Armour and Shields.
 y - a ring of ice
   (You found it on level 8 of the Dungeon)
 B - a ring of protection from fire (right hand)
   (You found it on level 7 of the Dungeon)
 C - the ring of the Postmodern Knives {*Corrode rF+ rN++ Str+3}
   (You found it on level 8 of the Dungeon)

   [ring of protection from fire]

   Str:       It affects your strength (+3).
   rF:        It protects you from fire.
   rN:        It greatly protects you from negative energy.
   *Corrode:  It may corrode you when you take damage.
Wands
 p - a wand of roots (11)
   (You found it on level 4 of the Dungeon)
Scrolls
 a - 2 scrolls of magic mapping
 e - 3 scrolls of noise {!r}
 i - a scroll of enchant weapon
 k - a scroll of torment {!r}
 q - a scroll of immolation {!r}
 s - a scroll of blinking
 t - a scroll of butterflies
 u - a scroll of amnesia
 v - a scroll of fear
 E - a scroll of fog
Potions
 b - a potion of cancellation
 d - 2 potions of resistance
 f - a potion of haste {@q3}
 h - 4 potions of heal wounds {@q2}
 j - a potion of attraction {!q}
 l - a potion of lignification {!q}
 m - a potion of brilliance
 n - 2 potions of curing {@q1}
 o - 6 potions of mutation {!q}
 w - 2 potions of degeneration {!q}
 z - a potion of magic
 A - a potion of flight


   Skills:
 + Level 2.7 Fighting
 - Level 2.6 Dodging
 - Level 3.0 Stealth
 - Level 10.2 Spellcasting
 - Level 0.6(1.2) Conjurations
 * Level 4.1(5.2) Ice Magic
 - Level 11.1(12.2) Air Magic


You had 21 spell levels left.
You knew the following spells:

 Your Spells              Type           Power      Damage    Failure   Level
a - Shock                 Conj/Air       100%       1d9       1%          1
b - Airstrike             Air            29%        2d(5-21)  1%          4
c - Frozen Ramparts       Ice            64%        1d10      2%          3

Your spell library contained the following spells:

 Spells                   Type           Power      Damage    Failure   Level
 Cigotuvi's Dreadful Rot  Necr/Pois/Air  56%        N/A       1%          2
 Static Discharge         Conj/Air       76%        2-6/arc   1%          2
 Swiftness                Air            58%        N/A       1%          3
 Ensorcelled Hibernation  Hex/Ice        42%        N/A       3%          2
 Foxfire                  Conj/Fire      52%        2x1d6     4%          1
 Apportation              Tloc           22%        N/A       6%          1
 Beastly Appendage        Tmut           20%        N/A       6%          1
 Sting                    Tmut/Pois      40%        1d5       6%          1
 Lesser Beckoning         Tloc           22%        N/A       9%          2
 Wereblood                Tmut           10%        N/A       10%         2
 Gell's Gravitas          Tloc           11%        N/A       19%         3
 Spider Form              Tmut/Pois      10%        N/A       19%         3
 Teleport Other           Tloc           11%        N/A       19%         3
 Volatile Blastmotes      Fire/Tloc      22%        2d11      19%         3
 Summon Ice Beast         Ice/Summ       22%        N/A       21%         4
 Ice Form                 Ice/Tmut       21%        N/A       22%         4
 Conjure Ball Lightning   Conj/Air       19%        3x3d6     52%         6
 Olgreb's Toxic Radiance  Pois           10%        N/A       54%         4
 Iskenderun's Battlesphe  Conj           15%        2d7       71%         5
 Fireball                 Conj/Fire      6%         3d5       80%         5
 Maxwell's Capacitive Co  Air            29%        ∞         95%         8
 Orb of Destruction       Conj           7%         9d6       100%        7
 Disjunction              Tloc           5%         N/A       100%        8
 Ignition                 Fire           5%         3d4       100%        8
 Chain Lightning          Conj/Air       19%        3d25      100%        9


Dungeon Overview and Level Annotations

Branches:
Dungeon (8/15) Zot: 25861  Temple (1/1) D:6 Zot: 5911   Sewer (visited)
   Lair: D:8-11

Altars:
Ashenzari
Cheibriados
Dithmenos
Elyvilon
Fedhas
Gozag
Nemelex Xobeh
Okawaru
Ru
Sif Muna
Trog
Uskayaw
Wu Jian
Xom
Yredelemnul
The Shining One

Shops:
D:6 (

Annotations:
D:1 1 transporter
D:3 1 runed translucent door, ChadusMaximus's ghost, amateur BaSu; Crazy Yiuf
D:8 exclusion: oklob sapling


Innate Abilities, Weirdness & Mutations

You are very small and have problems with some larger weapons.
You are too small for most types of armour.
You have supernaturally acute eyesight. (SInv)
You cover ground extremely quickly. (Speed+++)


Message History

The orc warrior shoots a bolt.
The bolt misses you.
Casting: Airstrike (safe; 1% risk of failure)
Confirm with . or Enter, or press ? or * to list all spells.
You don't have enough magic to cast this spell.
The orc warrior shoots a bolt.
The bolt closely misses you.
Casting: Airstrike (safe; 1% risk of failure)
Confirm with . or Enter, or press ? or * to list all spells.
You don't have enough magic to cast this spell.
Unknown command.
Casting: Airstrike (safe; 1% risk of failure)
Confirm with . or Enter, or press ? or * to list all spells.
You don't have enough magic to cast this spell.
The zap hits the orc warrior but does no damage.
The orc warrior is almost dead.
The orc warrior shoots a bolt.
The bolt barely misses you.
The zap hits the orc warrior.
The orc warrior is almost dead.
The zap misses the orc warrior.
The orc warrior shoots a bolt.
The bolt closely misses you.
You are out of magic!
The orc warrior shoots a bolt.
The bolt closely misses you.
There is a stone staircase leading up here.
You fly upwards.
There is a stone staircase leading down here.
You start resting.
HP restored.
You start resting.
Magic restored.
You fly downwards.
Level annotation: exclusion: oklob sapling
There is a stone staircase leading up here.
The orc warrior shoots a bolt.
The bolt hits you!
The orc warrior unwields a +0 arbalest.
The orc warrior wields a +0 glaive.
The orc warrior hits you with a +0 glaive!!
* * * LOW HITPOINT WARNING * * *
Casting: Shock (safe; 1% risk of failure)
Confirm with . or Enter, or press ? or * to list all spells.
Aiming: Airstrike (safe; 1% risk of failure)
Press: ? - help, Dir - move target, f - orc warrior
Aim: an orc warrior, wielding a +0 glaive and wearing a +0 plate armour (moderately wounded, empty space bonus: 3/8)
The air twists around and strikes the orc warrior but does no damage.
Unknown command.
Casting: Airstrike (safe; 1% risk of failure)
Confirm with . or Enter, or press ? or * to list all spells.
Casting: Frozen Ramparts (dangerous; 2% risk of failure)
Press: ? - help, Dir - look around, f - activate The walls around you are covered in ice.
The wall freezes the orc warrior but does no damage.
The orc warrior hits you with a +0 glaive!
You die...

.##.#...........####........).ol.
.............................####
###.########.....########.####
#...# #.###.# #.# ###.# #.# #.#
#.# #.# #.# #.# #)# #.# #.# #.##
#.# #.# #.# #o.## #.# #.#
#.###@..## , #.# #.##.....###
#)######..<.........,
#..[[.[...#.....####*
#########.##...## #.....##
#######


You could see an orc warrior.

Vanquished Creatures
  Maggie (D:7)
  A troll (D:6)
  Prince Ribbit (D:8)
  Sigmund (D:3)
  A wraith (D:8)
  3 yaks (D:4)
  Menkaure (D:4)
  A water moccasin (D:8)
  An orc warrior (D:5)
  An ice beast (D:6)
  An ogre (D:7)
  The ghost of aloneDruid the Insei, an amateur OpTm of Ashenzari (D:3)
  A phantom (D:4)
  3 kobold brigands
  The ghost of ripuliukko the Digger, an amateur DEEE (D:3)
  A bullfrog (D:8)
  7 scorpions
  18 wights
  5 killer bees
  A howler monkey (D:5)
  5 electric eels (D:6)
  The ghost of ripuliukko the Magician, a weakling DEEE (D:3)
  4 hounds
  2 jellies
  An orc priest (D:7)
  5 gnoll boudas
  4 sleepcaps
  6 iguanas
  6 orc wizards
  19 gnolls
  A river rat (Sewer)
  12 adders
  2 shadow imps
  6 worms
  23 orcs
  7 bats
  20 endoplasms
  2 giant cockroaches
  7 goblins
  5 hobgoblins
  6 quokkas
  23 ball pythons
  4 frilled lizards
  19 kobolds
  10 rats
251 creatures vanquished.

Notes
Turn   | Place    | Note
-------+----------+-------------------------------------------
     0 | D:1      | GeoRichter the Spriggan Air Elementalist began the quest
                  | for the Orb.
     0 | D:1      | Reached XP level 1. HP: 9/9 MP: 5/5
   198 | D:1      | Reached skill level 3 in Air Magic
   330 | D:1      | Reached XP level 2. HP: 13/13 MP: 2/7
   442 | D:1      | Found a faded altar of an unknown god.
  1272 | D:1      | Reached XP level 3. HP: 16/16 MP: 3/8
  2493 | D:2      | Reached skill level 4 in Air Magic
  2820 | D:3      | Reached XP level 4. HP: 20/21 MP: 3/10
  3193 | D:3      | Found a glowing golden altar of the Shining One.
  3348 | D:3      | Found a basalt altar of Yredelemnul.
  3434 | D:3      | Found an ornate altar of the Wu Jian Council.
  3434 | D:3      | Found a hide-covered altar of Uskayaw.
  3436 | D:3      | Noticed Sigmund
  3585 | D:3      | Found a runed translucent gate.
  3586 | D:3      | Found a runed translucent gate.
  3587 | D:3      | Found a runed translucent gate.
  3588 | D:3      | Noticed ChadusMaximus's ghost (amateur BaSu)
  3589 | D:3      | Noticed ripuliukko's ghost (weakling DEEE)
  3589 | D:3      | Noticed ripuliukko's ghost (amateur DEEE)
  3589 | D:3      | Noticed aloneDruid's ghost (amateur OpTm)
  3795 | D:4      | Learned a level 4 spell: Airstrike
  3841 | D:4      | Noticed a yak
  4139 | D:4      | Got Umpyjoun's Incunabulum of Incendiary Weather
  4245 | D:4      | Reached XP level 5. HP: 12/24 MP: 4/12
  4473 | D:4      | Noticed a yak
  4473 | D:4      | Noticed a yak
  4598 | D:4      | Killed a yak
  4599 | D:4      | Reached skill level 5 in Spellcasting
  4599 | D:4      | Reached skill level 5 in Air Magic
  4599 | D:4      | Reached XP level 6. HP: 13/28 MP: 0/14
  4769 | D:4      | Noticed Menkaure
  4778 | D:4      | Killed Menkaure
  4792 | D:4      | Reached skill level 6 in Air Magic
  4981 | D:4      | Reached XP level 7. HP: 32/32 MP: 7/16
  5340 | D:4      | Killed a yak
  5389 | D:4      | Killed a yak
  5390 | D:4      | Reached skill level 7 in Air Magic
  5612 | D:5      | Entered Level 5 of the Dungeon
  5627 | D:5      | Reached XP level 8. HP: 36/36 MP: 7/19
  5675 | D:5      | Found a glowing drain.
  5686 | Sewer    | Entered a sewer
  6765 | D:5      | Reached skill level 8 in Air Magic
  7021 | D:5      | Found a white marble altar of Elyvilon.
  7509 | D:6      | You fall into a shaft and drop 1 floor!
  7510 | D:7      | Noticed Maggie
  7684 | D:6      | Noticed a troll
  7690 | D:6      | Found Wappirpho's Antique Weapon Emporium.
  7768 | D:6      | Found a staircase to the Ecumenical Temple.
  7778 | Temple   | Entered the Ecumenical Temple
  7909 | Temple   | Became a worshipper of Ashenzari the Shackled
  8425 | D:6      | Reached skill level 9 in Air Magic
  8684 | D:6      | Reached XP level 9. HP: 39/39 MP: 13/22
  8807 | D:6      | Found a shimmering blue altar of Sif Muna.
  9194 | D:6      | Killed a troll
  9289 | D:6      | Bought a smoking long sword for 187 gold pieces
  9289 | D:6      | Identified the +2 long sword of the Assorted Olives
                  | {freeze, Fly rC+} (You bought it in a shop on level 6 of
                  | the Dungeon)
  9487 | D:6      | Reached skill level 10 in Air Magic
  9987 | D:3      | Killed Sigmund
 10158 | D:3      | Found a runed translucent door.
 10159 | D:3      | Noticed Crazy Yiuf
 10232 | D:3      | Killed ripuliukko's ghost
 10239 | D:3      | Killed aloneDruid's ghost
 10374 | D:3      | Killed ripuliukko's ghost
 10805 | D:7      | Killed Maggie
 10889 | D:7      | Reached skill level 10 in Spellcasting
 11095 | D:7      | Reached skill level 11 in Air Magic
 11437 | D:6      | Learned a level 3 spell: Frozen Ramparts
 11653 | D:7      | Reached XP level 10. HP: 44/44 MP: 11/25
 11752 | D:7      | Reached skill level 1 in Ice Magic
 11859 | D:7      | Reached skill level 1 in Fighting
 12458 | D:7      | Reached * piety under Ashenzari
 13173 | D:8      | Identified Beleudiu's Monograph on Moving Kindling
 13201 | D:8      | Identified the ring of the Postmodern Knives {*Corrode rF+
                  | rN++ Str+3}
 13205 | D:8      | Identified Sif Muna's Handbook of the Foul Crevasse
 13213 | D:8      | Noticed Prince Ribbit
 13219 | D:8      | Killed Prince Ribbit
 13223 | D:8      | Reached ** piety under Ashenzari
 13513 | D:8      | Identified the +9 trident "Goblinslayer" {freeze, Will+}
 13608 | D:8      | Identified Hialidde's Folio of Nature
 13991 | D:8      | Slain by an orc warrior

Illustrated notes

Levels and vault maps discovered:
D:1:      spicycebolla_arrival_risky_transporter, layout_basic,
          nicolae_ecumenical_snake_handling
D:2:      layout_loops_corners
D:3:      layout_loops_cross, tso_metal_star, jmf_multi_god_temple,
          mainiacjoe_overflow_24_doors, gammafunk_ghost_cemetery,
          uniq_crazy_yiuf_cottage, uniq_sigmund
D:4:      layout_basic, uniq_menkaure
D:5:      layout_rooms, nicolae_overflow_hidden_temple,
          cheibrodos_sewer_entry_drain
D:6:      layout_gridville, nicolae_sif_muna_condensation,
          minmay_temple_entry_drinking_statues, serial_bayou,
          serial_bayou_lake_a, serial_bayou_ford_a, serial_bayou_crossing,
          serial_bayou_pond_e, serial_bayou_lagoon_a, serial_shops, shop
D:7:      layout_cave_pools, minmay_puff, uniq_maggie
D:8:      layout_loops_ring, david_lair_shrubbed, introduction_to_nature_2,
          uniq_prince_ribbit1
Temple:   nicolae_temple_two_arcs

Skill      XL: |  1  2  3  4  5  6  7  8  9 10 |
---------------+-------------------------------+-----
Air Magic      | 3 4 5 6 7 9 11 | 11.1
Spellcasting   | 3 4 5 6 8 10 | 10.2
Ice Magic      | 4 |  4.1
Fighting       | 2 |  2.7
Dodging        | |  2.6
Stealth        | |  3.0
Conjurations   | |  0.6

Action                     |  1- 3 |  4- 6 |  7- 9 | 10-12 || total
---------------------------+-------+-------+-------+-------++-------
  Melee: Unarmed           |     1 |       |       |       ||     1
         Long sword        |       |       |     3 |     2 ||     5
   Cast: Shock             |   110 |   136 |   216 |   113 ||   575
         Airstrike         |       |       |   101 |    30 ||   131
         Frozen Ramparts   |       |       |       |     8 ||     8
 Invoke: Curse Item        |       |       |     1 |     2 ||     3
  Evoke: Wand              |       |     4 |       |       ||     4
    Use: Potion            |     1 |     1 |       |       ||     2
         Scroll            |       |     6 |     8 |     1 ||    15
 Armour: Robe              |     3 |     3 |     1 |       ||     7
         Steam dragon scal |       |       |       |     3 ||     3
  Dodge: Dodged            |    14 |    10 |    56 |    34 ||   114
